 Dungeon Crawl Stone Soup version 0.16.1-12-gf5c4a84 (webtiles) character file.

103474 hulla the Nimble (level 16, -3/140 HPs)
             Began as an Octopode Transmuter on Apr 8, 2015.
             Was the Champion of Makhleb.
             Killed from afar by a shock serpent (28 damage)
             ... with a bolt of electricity
             ... on level 3 of the Snake Pit.
             The game lasted 04:31:07 (35642 turns).

hulla the Nimble (Octopode Transmuter)             Turns: 35642, Time: 04:31:07

Health: -3/140     AC:  7    Str: 10    XL:     16   Next: 36%
Magic:  28/28      EV: 24    Int: 22    God:    Makhleb [******]
Gold:   1620       SH:  0    Dex: 16    Spells: 6 memorised, 8 levels left

rFire  . . .     SeeInvis .     a - melded +0 blowgun
rCold  + + +     Clarity  .     (shield currently unavailable)
rNeg   . . .     SustAb   +     (helmet currently unavailable)
rPois  +         Gourm    .     l - amulet of rage (curse)
rElec  .         Spirit   .     j - +4 ring of dexterity (curse)
rCorr  .         Warding  .     c - ring of protection from cold
rMut   .         Stasis   .     J - +5 ring of evasion
MR     ++...                    O - ring of protection from magic
Stlth  ++........               W - ring of stealth
                                G - ring of sustain abilities
                                y - ring of protection from fire
                                (no ring)

@: ice-form, very slightly contaminated, hasted, very quick, very resistant to
hostile enchantments, unstealthy
A: almost no armour, amphibious, 8 rings, (constrict 8), (camouflage 0),
(gelatinous body 0)
a: End Transformation, Minor Destruction, Lesser Servant of Makhleb, Major
Destruction, Greater Servant of Makhleb, Renounce Religion, Evoke Berserk Rage


You were on level 3 of the Snake Pit.
You worshipped Makhleb.
Makhleb was exalted by your worship.
You were very hungry.
You were a creature of crystalline ice.
You visited 4 branches of the dungeon, and saw 23 of its levels.

You collected 1620 gold pieces.

Inventory:

Hand weapons
 a - a +0 blowgun (melded)
Missiles
 b - 212 arrows
 k - 118 poisoned needles
 o - 14 arrows of dispersal
 C - 12 arrows of frost
Magical staves
 N - an uncursed staff of air
Jewellery
 c - a ring of protection from cold (right front paw)
 j - a cursed +4 ring of dexterity (left front paw)
 l - a cursed amulet of rage (around neck)
 y - a ring of protection from fire (on tentacle)
 A - an uncursed amulet of resist mutation
 F - an uncursed amulet of clarity
 G - a ring of sustain abilities (on tentacle)
 J - a +5 ring of evasion (on tentacle)
 O - a ring of protection from magic (on tentacle)
 W - a ring of stealth (on tentacle)
Magical devices
 h - a wand of confusion (30)
 w - a wand of fire (6)
 M - a wand of fireball (3)
 V - a wand of fire (3)
Scrolls
 e - 14 scrolls of identify
 g - 5 scrolls of magic mapping
 m - a scroll of acquirement
 s - 3 scrolls of silence
 x - 3 scrolls of summoning {unknown}
 D - 6 scrolls of remove curse
 H - a scroll of fog {unknown}
 P - a scroll of recharging
Potions
 d - a potion of invisibility {unknown}
 p - 9 potions of curing
 q - a potion of agility
 t - 2 potions of might
 v - a potion of magic
 z - 4 potions of restore abilities
 B - a potion of cure mutation
 E - 4 potions of haste
 Q - a potion of flight
 U - 2 potions of brilliance
Miscellaneous
 r - a phial of floods
 R - a stone of tremors
Comestibles
 f - 9 meat rations
 i - 14 bread rations
 I - 14 fruits
 L - 5 royal jellies
 Z - a slice of pizza


   Skills:
 - Level 13.2 Fighting
 - Level 13.4 Dodging
 - Level 13.4 Unarmed Combat
 + Level 5.3 Spellcasting
 - Level 4.2 Summonings
 + Level 10.6 Transmutations
 - Level 5.2 Ice Magic
 + Level 10.7 Earth Magic
 - Level 3.0 Poison Magic
 - Level 3.0 Evocations


You had 8 spell levels left.
You knew the following spells:

 Your Spells              Type           Power        Failure   Level  Hunger
a - Beastly Appendage     Trmt           ######       1%          1    None
b - Spider Form           Trmt/Pois      #####.....   1%          3    ##.....
c - Sticks to Snakes      Trmt           ######....   1%          2    None
d - Ice Form              Ice/Trmt       #####...     4%          4    ####...
e - Summon Small Mammal   Summ           ###.         1%          1    None
f - Statue Form           Trmt/Erth      ######...    21%         6    #######


Dungeon Overview and Level Annotations

Branches:
Dungeon (11/15)            Temple (1/1) D:6            Lair (8/8) D:11
 Shoals (0/5) Lair:4        Snake (3/5) Lair:6        Slime (0/6) Lair:7
    Orc (0/4) D:10

Altars:
Ashenzari
Cheibriados
Dithmenos
Elyvilon
Fedhas
Gozag
Kikubaaqudgha
Makhleb
Nemelex Xobeh
Okawaru
Qazlal
Ru
Sif Muna
Trog
Vehumet
Xom
Yredelemnul
Zin
The Shining One
Jiyva

Shops:
D:4 ?   D:5 %

Annotations:
D:6 exclusion: oklob plant
Snake:3 Norris


Innate Abilities, Weirdness & Mutations

You cannot wear most types of armour.
You are amphibious.
You can wear up to eight rings at the same time.
((You can use your tentacles to constrict many enemies at once.))
((Your skin changes colour to match your surroundings (Stealth).))
((Your rubbery body absorbs attacks (AC +1).))


Message History

You feel yourself speed up.
The shock serpent completely misses you.
The shock serpent bites you.
* * * LOW HITPOINT WARNING * * *
The shock serpent shocks you!
* * * LOW HITPOINT WARNING * * *
You are very lightly contaminated with residual magic.
Read which item? (? for menu, Esc to quit)
Okay, then.
Read which item? (? for menu, Esc to quit)
Okay, then.
Drink which item? (? for menu, Esc to quit)
Okay, then.
You offer a prayer to Makhleb.
Makhleb is exalted by your worship.
Drink which item? (? for menu, Esc to quit)
You feel better.
The shock serpent shoots out a bolt of lightning at you!
The bolt of electricity hits you!
You die...

#### ####..### ###
#####...##S.##### #.##
###......####Y.##.# ##.#
#...###..## ###...# ##.#
##.## ###.# #...## ##.##
##.## #.#####....###.##
##...## #.S...........##
##..#..####.######..###.#
##.####..##...# #..# #.#
.)## ##......##
#..###.### .##
##.......####..##....###


You could see a shock serpent.

Vanquished Creatures
  Rupert (Lair:4)
  Agnes (Snake:1)
  4 hydras
  Harold (Lair:2)
  A catoblepas (Lair:7)
  5 anacondas
  4 naga warriors
  Erica (Lair:8)
  10 death yaks
  5 shock serpents
  5 naga sharpshooters
  Nergalle (Lair:2)
  A salamander mystic (Snake:3)
  A wizard (D:11)
  A hill giant (D:10)
  An ice statue (Lair:5)
  Erolcha (D:11)
  3 naga ritualists (Snake:2)
  6 mana vipers
  6 salamanders
  2 guardian serpents
  19 black mambas
  A siren (Lair:4)
  38 elephants
  12 naga magi
  16 spiny frogs
  5 komodo dragons
  A spriggan druid (Lair:8)
  8 polar bears
  A troll (D:11)
  2 fire drakes
  Grinder (D:6)
  Prince Ribbit (D:7)
  A freezing wraith (Lair:5)
  7 blink frogs
  A wyvern (D:10)
  12 spriggans
  5 redbacks (Lair:8)
  A trapdoor spider (D:10)
  5 basilisks
  59 yaks
  Eustachio (D:5)
  A hungry ghost (D:9)
  2 wraiths (D:7)
  11 hippogriffs
  29 nagas
  25 wolves
  Edmund (D:5)
  9 ice beasts
  8 porcupines
  28 water moccasins
  3 orc warriors
  3 wasps (Lair:8)
  6 black bears
  An eye of draining (D:11)
  4 phantoms
  5 centaurs
  4 sky beasts
  4 ogres
  17 crocodiles
  Sigmund (D:6)
  Duvessa (D:4)
  An elf skeleton (D:7)
  18 giant frogs
  3 scorpions
  5 wights
  4 crimson imps
  3 goliath beetles
  Dowan (D:4)
  2 quasits
  3 electric eels (Lair:8)
  A centaur zombie (D:6)
  3 giant frog skeletons
  A jelly (D:7)
  11 hounds
  3 human zombies (D:7)
  6 centaur skeletons
  5 orc priests
  8 orc wizards
  6 iguanas
  12 worker ants
  8 sheep (Lair:2)
  A killer bee zombie (D:9)
  An ogre zombie (D:7)
  A hound zombie (D:6)
  A hound skeleton (D:6)
  3 mummies (D:7)
  A worker ant zombie (D:11)
  Robin (D:4)
  25 adders
  6 gnolls
  71 river rats
  5 shadow imps
  2 giant mites
  2 worms (D:4)
  2 adder zombies
  An adder skeleton (D:9)
  5 giant geckos
  41 orcs
  5 giant cockroaches
  19 hobgoblins
  14 jackals
  21 kobolds
  19 quokkas
  3 ball pythons
  19 bats
  A giant gecko skeleton (D:6)
  8 giant newts
  A giant spore (D:10)
  17 goblins
  2 jackal skeletons (D:4)
  An orc zombie (D:7)
  2 quokka zombies
  16 rats
  2 ballistomycetes (D:10)
  A fungus (Lair:4)
  6 plants
851 creatures vanquished.

Vanquished Creatures (collateral kills)
  A hydra (Lair:4)
  A griffon (D:10)
  A spiny frog (Lair:8)
  An eye of draining (D:10)
  An ogre (D:11)
  A spriggan skeleton (D:10)
  A troll skeleton (D:10)
  2 adders
  6 orcs (D:10)
  4 goblins (D:4)
  A hobgoblin (D:10)
  A rat (D:4)
  A butterfly (Lair:8)
22 creatures vanquished.

Vanquished Creatures (others)
  8 bats
  11 quokkas
  4 rats
  2 fungi (Lair:7)
  12 plants
37 creatures vanquished.

Grand Total: 910 creatures vanquished

Notes
Turn   | Place    | Note
--------------------------------------------------------------
     0 | D:1      | hulla, the Octopode Transmuter, began the quest for the Orb.
     0 | D:1      | Reached XP level 1. HP: 13/13 MP: 3/3
    57 | D:1      | Reached XP level 2. HP: 4/18 MP: 4/4
   678 | D:1      | Reached XP level 3. HP: 14/23 MP: 6/6
   690 | D:1      | Learned a level 3 spell: Spider Form
   693 | D:1      | Learned a level 2 spell: Sticks to Snakes
  1064 | D:2      | Reached skill level 1 in Poison Magic
  1126 | D:2      | Found a sparkling altar of Nemelex Xobeh.
  1249 | D:2      | Reached XP level 4. HP: 7/28 MP: 3/7
  1467 | D:2      | Found a glowing silver altar of Zin.
  2450 | D:3      | Reached skill level 4 in Transmutations
  2725 | D:3      | Reached XP level 5. HP: 23/33 MP: 5/9
  3187 | D:3      | Reached skill level 5 in Transmutations
  3458 | D:3      | Found a white marble altar of Elyvilon.
  3897 | D:3      | Reached XP level 6. HP: 35/38 MP: 10/10
  4052 | D:4      | Noticed Robin
  4617 | D:4      | Reached skill level 6 in Transmutations
  4617 | D:4      | Reached XP level 7. HP: 32/45 MP: 8/12
  4924 | D:4      | Noticed Dowan
  4925 | D:4      | Noticed Duvessa
  4942 | D:4      | Killed Duvessa
  5567 | D:4      | Killed Dowan
  5781 | D:4      | Found Rioruabu's Magic Scroll Shoppe.
  5890 | D:4      | Killed Robin
  5971 | D:5      | Entered Level 5 of the Dungeon
  5971 | D:5      | Noticed Eustachio
  6080 | D:5      | Noticed Edmund
  6103 | D:5      | Killed Edmund
  6103 | D:5      | Reached XP level 8. HP: 39/54 MP: 5/13
  6112 | D:5      | Learned a level 4 spell: Ice Form
  6200 | D:5      | Killed Eustachio
  6457 | D:5      | Found Arikhion's Food Emporium.
  7878 | D:6      | Noticed Sigmund
  7889 | D:6      | Killed Sigmund
  7889 | D:6      | Reached skill level 5 in Ice Magic
  8067 | D:6      | Reached skill level 7 in Transmutations
  8229 | D:6      | Noticed Grinder
  8244 | D:6      | Found a staircase to the Ecumenical Temple.
  8245 | D:6      | Paralysed by Grinder for 4 turns
  8258 | D:6      | Paralysed by Grinder for 2 turns
  8260 | D:6      | Killed Grinder
  8260 | D:6      | Reached XP level 9. HP: 24/60 MP: 8/14
  8469 | D:6      | Reached skill level 5 in Fighting
  8631 | D:6      | Found a shadowy altar of Dithmenos.
  8631 | D:6      | Noticed an oklob plant
  8765 | Temple   | Entered the Ecumenical Temple
  8828 | Temple   | Became a worshipper of Makhleb the Destroyer
  9349 | D:6      | Reached skill level 1 in Evocations
  9919 | D:7      | Found a basalt altar of Yredelemnul.
  9980 | D:7      | Reached skill level 8 in Transmutations
 10310 | D:7      | Acquired Makhleb's first power
 11174 | D:7      | Noticed Prince Ribbit
 11190 | D:7      | Killed Prince Ribbit
 11190 | D:7      | Reached XP level 10. HP: 69/69 MP: 14/16
 11327 | D:7      | Acquired Makhleb's second power
 11387 | D:7      | Reached skill level 9 in Transmutations
 11452 | D:7      | Reached skill level 5 in Unarmed Combat
 12023 | D:8      | Found a stormy altar of Qazlal.
 12078 | D:8      | Found a blossoming altar of Fedhas.
 12392 | D:8      | Found a sacrificial altar of Ru.
 12821 | D:9      | Reached skill level 5 in Dodging
 12826 | D:9      | Learned a level 1 spell: Summon Small Mammal
 12898 | D:9      | Reached skill level 1 in Summonings
 12940 | D:9      | Found a deep blue altar of Sif Muna.
 13028 | D:9      | Acquired Makhleb's third power
 13353 | D:10     | Entered Level 10 of the Dungeon
 13364 | D:10     | Noticed a griffon
 13379 | D:10     | Killed a griffon
 13753 | D:10     | Found a snail-covered altar of Cheibriados.
 13872 | D:10     | Found a runed door.
 13885 | D:10     | Reached XP level 11. HP: 66/78 MP: 10/18
 14205 | D:10     | Acquired Makhleb's fourth power
 14285 | D:10     | Found a staircase to the Orcish Mines.
 14756 | D:11     | Acquired Makhleb's fifth power
 15223 | D:11     | Noticed a hill giant
 15320 | D:10     | Killed a hill giant
 15522 | D:11     | Noticed a wizard
 15529 | D:11     | Killed a wizard
 15752 | D:11     | Noticed Erolcha
 15764 | D:11     | Killed Erolcha
 15900 | D:11     | Found a staircase to the Lair.
 15914 | Lair:1   | Entered Level 1 of the Lair of Beasts
 16320 | Lair:1   | Reached XP level 12. HP: 84/84 MP: 20/22
 17091 | Lair:2   | Noticed Harold
 17101 | Lair:2   | Killed Harold
 17418 | Lair:2   | Noticed Nergalle
 18096 | Lair:2   | Killed Nergalle
 18377 | Lair:3   | Reached skill level 10 in Unarmed Combat
 18388 | Lair:3   | Reached skill level 10 in Dodging
 18824 | Lair:3   | Reached skill level 10 in Fighting
 19416 | Lair:4   | Reached XP level 13. HP: 87/93 MP: 23/23
 19425 | Lair:4   | Noticed Rupert
 20023 | Lair:4   | Killed Rupert
 20023 | Lair:4   | Reached skill level 11 in Fighting
 20613 | Lair:4   | Found a staircase to the Shoals.
 20739 | Lair:4   | Noticed an eight-headed hydra
 20747 | Lair:4   | Killed an eight-headed hydra
 21010 | Lair:4   | Noticed a four-headed hydra
 21022 | Lair:4   | Killed a four-headed hydra
 21999 | Lair:5   | Reached skill level 12 in Fighting
 21999 | Lair:5   | Reached XP level 14. HP: 103/103 MP: 19/24
 23134 | Lair:6   | Found a staircase to the Snake Pit.
 24792 | Lair:7   | Identified a scroll of acquirement
 24880 | Lair:7   | Found a viscous altar of Jiyva.
 24881 | Lair:7   | Found a staircase to the Slime Pits.
 25541 | Lair:8   | Entered Level 8 of the Lair of Beasts
 25827 | Lair:8   | Learned a level 6 spell: Statue Form
 26040 | Lair:8   | Noticed Erica
 26059 | Lair:8   | Killed Erica
 26059 | Lair:8   | Reached skill level 13 in Dodging
 26293 | Lair:8   | Reached XP level 15. HP: 110/110 MP: 15/25
 26712 | Lair:8   | Reached skill level 1 in Earth Magic
 27388 | Lair:8   | Reached skill level 5 in Earth Magic
 28055 | Snake:1  | Entered Level 1 of the Snake Pit
 28898 | Snake:1  | Noticed Agnes
 28980 | Snake:1  | Killed Agnes
 29350 | Snake:2  | Found a shadowy altar of Dithmenos.
 30591 | Snake:2  | HP: 6/133 [shock serpent (14)]
 31473 | Snake:2  | Reached skill level 10 in Earth Magic
 31836 | Snake:2  | Reached XP level 16. HP: 117/117 MP: 21/26
 32459 | Snake:2  | Reached skill level 10 in Transmutations
 34278 | Snake:3  | Reached skill level 5 in Spellcasting
 35313 | Snake:3  | Noticed Norris
 35642 | Snake:3  | Killed from afar by a shock serpent

Action                   |  1- 3 |  4- 6 |  7- 9 | 10-12 | 13-15 | 16-18 || total
-------------------------+-------+-------+-------+-------+-------+-------++-------
Melee: Unarmed           |   100 |   144 |   474 |   802 |  1146 |   200 ||  2866
 Fire: Blowgun           |       |       |       |    26 |   126 |    22 ||   174
Throw: Stone             |       |    36 |    25 |    15 |       |       ||    76
 Cast: Beastly Appendage |     4 |    13 |     5 |     5 |     1 |       ||    28
       Spider Form       |     2 |    14 |    31 |    11 |     5 |     3 ||    66
       Sticks to Snakes  |       |     3 |     3 |    25 |    45 |       ||    76
       Ice Form          |       |       |    16 |    64 |   104 |    18 ||   202
       Summon Small Mamm |       |       |       |    16 |    30 |    12 ||    58
 Abil: Evoke Berserk Rag |     1 |     2 |     9 |    12 |    14 |     1 ||    39
       End Transformatio |       |     2 |     1 |     3 |    17 |       ||    23
  Use: Scroll            |     9 |     2 |    10 |     5 |     8 |     6 ||    40
       Potion            |     2 |     2 |     2 |       |     4 |     2 ||    12
 Stab: Sleeping          |     6 |       |     2 |    12 |    31 |     4 ||    55
       Distracted        |       |       |     1 |     2 |    10 |     1 ||    14
       Fleeing           |       |       |       |       |     1 |       ||     1
  Eat: Chunk             |     2 |    11 |    30 |    52 |    60 |    12 ||   167
       Pizza             |       |     1 |       |       |     1 |       ||     2
       Fruit             |       |       |     2 |     1 |     2 |       ||     5
       Meat ration       |       |       |     1 |       |     1 |       ||     2
       Beef jerky        |       |       |       |       |       |     2 ||     2
